 Dungeon Crawl Stone Soup version 0.26-a0-800-g517d6fe721 (webtiles) character file.

Game seed: 16475326599078955732

132 tatingo the Sneak (level 4, -3/23 HPs)
             Began as a Spriggan Brigand on Nov 11, 2020.
             Slain by Crazy Yiuf
             ... wielding a +4 quarterstaff of chaos
              (10 damage)
             ... on level 2 of the Dungeon.
             The game lasted 00:03:14 (3139 turns).

tatingo the Sneak (Spriggan Brigand)                Turns: 3139, Time: 00:03:14

Health: -3/23      AC:  3    Str:  7    XL:     4   Next: 92%
Magic:  5/5        EV: 17    Int: 12    God:
Gold:   126        SH:  0    Dex: 18    Spells: 3/3 levels left

rFire    . . .     SeeInvis +   a - +2 dagger
rCold    . . .     Faith    .   (shield restricted)
rNeg     . . .     Spirit   .   b - +0 robe
rPois    .         Reflect  .   (helmet restricted)
rElec    .         Harm     .   c - +0 cloak
rCorr    .         Rampage  .   (gloves unavailable)
MR       .....                  (boots unavailable)
Stlth    ++++......             (no amulet)
HPRegen  0.07/turn              (no ring)
MPRegen  0.09/turn              (no ring)

@: very quick
A: very small, unfitting armour, see invisible, speed 3
a: no special abilities


You were on level 2 of the Dungeon.
You visited 1 branch of the dungeon, and saw 2 of its levels.

You collected 126 gold pieces.

Inventory:

Hand Weapons
 a - a +2 dagger (weapon)
Missiles
 d - 18 poisoned darts (quivered)
 e - 2 curare-tipped darts
Armour
 b - a +0 robe (worn)
 c - a +0 cloak (worn)
Jewellery
 j - an uncursed ring of wizardry {unknown}
Scrolls
 g - 7 scrolls of identify {unknown}
 l - 2 scrolls of teleportation {unknown}
 p - a scroll of immolation {unknown}
 q - a scroll of enchant armour {unknown}
 r - a scroll of fog {unknown}
Potions
 f - 2 potions of flight {unknown}
 h - 2 potions of curing {unknown}
 i - 4 potions of heal wounds {unknown}
 k - a potion of lignification {unknown}
 m - a potion of brilliance {unknown}
 n - a potion of attraction {unknown}
 o - a potion of mutation {unknown}


   Skills:
 + Level 1.8 Fighting
 * Level 4.0 Short Blades
 + Level 2.0 Throwing
 + Level 2.0 Dodging
 + Level 7.8 Stealth


You had 3 spell levels left.
You didn't know any spells.
Your spell library was empty.

Dungeon Overview and Level Annotations

Branches:
Dungeon (2/15)

Altars:

Annotations:
D:2 Crazy Yiuf


Innate Abilities, Weirdness & Mutations

You are very small and have problems with some larger weapons.
You are too small for most types of armour.
You have supernaturally acute eyesight. (SInv)
You cover ground extremely quickly.


Message History

There is an open door here.
You see here a buckler.
You see here a frilled lizard skeleton.
You see here a dagger.
You open the door.
There is an open door here.
There is a stone staircase leading down here.
You see here a rat skeleton.
You see here a rat skeleton.
You see here a mace.
No reachable target in view!
You open the door.
There is an open translucent door here.
Crazy Yiuf shouts!
You barely miss Crazy Yiuf.
Crazy Yiuf hits you with a +4 quarterstaff of chaos!
Space bends around you.
You completely miss Crazy Yiuf.
Crazy Yiuf hits you with a +4 quarterstaff of chaos!
You die...

#####.#.......#############..#.##
.......÷.........................
##....#.......##############...##
.÷....######### ######..# ##÷..##
#.......## ##.## #.##......
#..###♣♣ ##### #.##.÷....
##...#.♣♣ ♣♣#..)# ###.##...÷..
#....).♣♣♣♣.'@g.# #...##......
##...)♣.♣..♣#...# ######......
##.#).♣.♣♣♣##### #...÷.. ###♣♣♣♣♣
#...... ### #......
######################.####......
..................<....'..[..###.
#######.######.#.......####### ##
# #.......#.....##### #


You could see Crazy Yiuf.

Vanquished Creatures
  A hound (D:2)
  A gnoll (D:1)
  3 adders (D:2)
  A worm (D:2)
  2 dart slugs
  3 leopard geckos
  8 bats
  4 giant cockroaches
  4 goblins
  10 hobgoblins
  3 jackals (D:2)
  A ball python (D:1)
  4 frilled lizards
  3 kobolds (D:1)
  7 rats
55 creatures vanquished.

Notes
Turn   | Place    | Note
-------+----------+-------------------------------------------
     0 | D:1      | tatingo the Spriggan Brigand began the quest for the Orb.
     0 | D:1      | Reached XP level 1. HP: 10/10 MP: 2/2
   111 | D:1      | Reached skill level 6 in Stealth
   235 | D:1      | Reached XP level 2. HP: 14/14 MP: 3/3
  1177 | D:1      | Reached XP level 3. HP: 18/18 MP: 4/4
  1289 | D:1      | Reached skill level 7 in Stealth
  2375 | D:2      | Reached XP level 4. HP: 23/23 MP: 5/5
  2591 | D:2      | Found a runed translucent door.
  2592 | D:2      | Noticed Crazy Yiuf
  3139 | D:2      | Slain by Crazy Yiuf

Illustrated notes

Levels and vault maps discovered:
D:1:      dpeg_arrival_simpleton_c, layout_basic, kennysheep_doodads
D:2:      cheibrodos_helix_gallery, layout_basic, uniq_crazy_yiuf_cottage

Skill      XL: |  1  2  3  4 |
---------------+-------------+-----
Stealth        | 6 7 |  7.8
Short Blades   | 3 4 |  4.0
Dodging        | 2 |  2.0
Fighting       | |  1.8
Throwing       | |  2.0

Action                   |  1- 3 |  4- 6 || total
-------------------------+-------+-------++-------
Melee: Dagger            |   110 |    37 ||   147
Throw: Dart              |     3 |       ||     3
 Stab: Sleeping          |    18 |     7 ||    25
Armor: Robe              |     3 |     5 ||     8
Dodge: Dodged            |    63 |    20 ||    83

Table legend: (Time is in decaauts)
 A = Elapsed time spent in this place.
 B = Non-inter-level travel time spent in this place.
 C = Inter-level travel time spent in this place.
 D = Time resting spent in this place.
 E = Time spent auto-exploring this place.
 F = Levels seen in this place.
 G = Mean time per level.
                   A        B        C        D        E       F      G
               +--------+--------+--------+--------+--------+-----+--------+
         Total |   2412 |   2397 |     15 |    904 |   1197 |   2 | 1206.0 |
       Dungeon |   2412 |   2397 |     15 |    904 |   1197 |   2 | 1206.0 |
               +--------+--------+--------+--------+--------+-----+--------+

Top non-repeatable levels by time:
     D:1: 1747 daAuts
     D:2: 665 daAuts
